 Dungeon Crawl Stone Soup version 0.32-a0-422-g28b100f618 (webtiles) character file.

Game seed: 5526176069427116631

58 Xavori the Trooper (level 4, 38/38 HPs)
             Began as a Djinni Chaos Knight on Feb 21, 2024.
             Was a Plaything of Xom.
             Quit the game on level 2 of the Dungeon.
             The game lasted 00:01:06 (10989 turns).

Xavori the Trooper (Djinni Chaos Knight)           Turns: 10989, Time: 00:01:06

Health: 38/38      AC:  5    Str: 10    XL:     4   Next: 20%
Gold:   84         EV: 12    Int: 13    God:    Xom [....*.] SH:  0 Dex: 18

rFire   + + +        a - +0 falchion (chaos)
rCold   x . .        (no shield)
rNeg    . . .        b - +2 leather armour
rPois   ∞            (helmet restricted)
rElec   .            (no cloak)
rCorr   .            (no gloves)
SInv    .            (boots unavailable)
Will    .....        (no amulet)
Stlth   +            (no ring)
HPRegen 0.26/turn    (no ring)
MPRegen 0.00/turn

%: no passive effects
@: flying, bezotted
A: sickness immunity, fire resistance 3, cold vulnerability 1, float, innate
caster, HP casting, extra vitality 1, horns 1, agile 1, deterioration 2, robust
1, inhibited regeneration
a: Renounce Religion


You were on level 2 of the Dungeon.
You worshipped Xom.
You were a beloved toy of Xom.
You visited 1 branch of the dungeon, and saw 2 of its levels.

You collected 84 gold pieces.

Inventory:

Hand Weapons
 a - a +0 falchion of chaos (weapon)
Armour
 b - a +2 leather armour (worn)
Scrolls
 c - a scroll of butterflies
 g - a scroll of identify {unknown}
 h - a scroll of enchant weapon {unknown}
 i - a scroll of poison {unknown}
Potions
 d - a potion of heal wounds {unknown}
 e - 2 potions of might {unknown}
 f - a potion of attraction {unknown}


   Skills:
 + Level 3.3 Fighting
 + Level 3.0 Long Blades
 + Level 1.6 Armour
 + Level 2.6 Dodging
 * Level 1.3 Spellcasting
 * Level 1.3 Conjurations
 * Level 1.3 Hexes
   Level 0.0 Charms
 * Level 1.3 Summonings
 * Level 1.3 Necromancy
 * Level 1.3 Translocations
   Level 0.0 Transmutations
 * Level 1.3 Fire Magic
 * Level 1.3 Ice Magic
 * Level 1.3 Air Magic
 * Level 1.3 Earth Magic
 * Level 1.3 Alchemy


You knew the following spells:

 Your Spells              Type           Power      Damage    Failure   Level
a - Slow                  Hex            16%        N/A       22%         1
Your spell library was empty.

Dungeon Overview and Level Annotations

Branches:
Dungeon (2/15) Zot: 997

Altars:
Xom


Innate Abilities, Weirdness & Mutations

You are immune to sickness and miasma.
You are immune to poison.
Your flesh is almost immune to the effects of heat. (rF+++)
You are vulnerable to cold. (rC-)
You float through the air rather than walking.
You learn spells naturally, not from books.
Your magical power is your life essence.
You have superior vitality. (+4 MHP)
You have a pair of small horns on your head.
You are agile. (Dex +4, Str/Int -1)
Your body often deteriorates upon taking damage.
You are robust. (+10% HP)
You do not regenerate when monsters are visible.


Message History

You start waiting.
Done waiting.
You start waiting.
You start waiting.
You start waiting.
You start waiting.
You start waiting.
Xom is getting BORED.
You start waiting.
Xom is getting BORED.
You start waiting.
You are now a BORING thing.
You start waiting. "You need some minor improvements, mortal!"
Your body is suffused with distortional energy.
You feel your body start to fall apart.
You feel more resistant to heat.
You are now a plaything of Xom.
You start waiting.
You start waiting.
You start waiting.
You start waiting.
You start waiting.
You start waiting.
You hear Xom's avuncular chuckle.
Your body is suffused with distortional energy.
You feel agile.
You feel stronger.
You feel clumsy.
You feel agile.
You start waiting.
You start waiting.
You start waiting.
You start waiting.
You start waiting.
You start waiting.
You start waiting.
You are now a beloved toy of Xom.
You start waiting.
You have lingered too long.
Zot senses you.
Dive deeper or flee this branch before you suffer!
You fly downwards.
There is a stone staircase leading up here.
Okay, then.
Are you sure you want to abandon this character and quit the game? (Confirm with "yes".)

..####... #
..>..#...
#.###.........
#.#(.> ...... ....
....#..
#.###......
####...÷(.#
##.......#
#.@###.#..#
#......#....##....
...)..##>####
#..## .#.......#
.... ###### ..
####. ## #


There were no monsters in sight!

Vanquished Creatures
  2 dart slugs (D:1)
  4 endoplasms (D:1)
  A goblin (D:1)
  A hobgoblin (D:1)
  8 jackals (D:1)
  4 kobolds
  3 quokkas
  3 bats
  A frilled lizard (D:1)
  2 rats
29 creatures vanquished.

Notes
Turn   | Place    | Note
-------+----------+-------------------------------------------
     0 | D:1      | Xavori the Djinni Chaos Knight began the quest for the Orb.
     0 | D:1      | Reached XP level 1. HP: 20/20 MP: 0/0
    25 | D:1      | Reached XP level 2. HP: 25/25 MP: 0/0
   119 | D:1      | Reached skill level 1 in Spellcasting
   119 | D:1      | Reached skill level 1 in Conjurations
   119 | D:1      | Reached skill level 1 in Hexes
   119 | D:1      | Reached skill level 1 in Summonings
   119 | D:1      | Reached skill level 1 in Necromancy
   119 | D:1      | Reached skill level 1 in Translocations
   119 | D:1      | Reached skill level 1 in Fire Magic
   119 | D:1      | Reached skill level 1 in Ice Magic
   119 | D:1      | Reached skill level 1 in Air Magic
   119 | D:1      | Reached skill level 1 in Earth Magic
   119 | D:1      | Reached skill level 1 in Alchemy
   119 | D:1      | Reached XP level 3. HP: 27/30 MP: 0/0
   119 | D:1      | Learned a level 1 spell: Slow
   220 | D:1      | XOM: divination: detect items
   282 | D:1      | XOM: silly message
   314 | D:1      | XOM: silly message
   327 | D:1      | Found a faded altar of an unknown god.
   644 | D:1      | XOM: silly message
   850 | D:1      | XOM: god gift: 30 gold pieces
   852 | D:1      | XOM: scenery: summon butterflies
   869 | D:1      | Reached XP level 4. HP: 33/35 MP: 0/0
  1126 | D:1      | XOM: give mutations
  1126 | D:1      | Gained mutation: You occasionally lose the ability to drink
                  | potions when taking damage. [Xom's mischief]
  1126 | D:1      | Gained mutation: You do not regenerate when monsters are
                  | visible. [Xom's mischief]
  1126 | D:1      | Lost mutation: You occasionally lose the ability to drink
                  | potions when taking damage. [Xom's mischief]
  1469 | D:1      | XOM: scenery: summon butterflies
  1668 | D:1      | XOM: scenery: create altars
  3547 | D:1      | XOM: silly message
  3571 | D:1      | XOM: silly message
  3724 | D:1      | XOM: give mutations
  3724 | D:1      | Gained mutation: You have a pair of small horns on your
                  | head. [Xom's grace]
  4199 | D:1      | XOM: summons 3 hostile demons
  5187 | D:1      | XOM: divination: detect creatures
  5912 | D:1      | XOM: divination: magic mapping
  7483 | D:1      | XOM is BORED!
  7487 | D:1      | XOM: give mutation
  7487 | D:1      | Gained mutation: Your body sometimes deteriorates upon
                  | taking damage. [Xom's mischief]
  8605 | D:1      | XOM: give mutations
  8605 | D:1      | Gained mutation: You are robust. (+10% HP) [Xom's mischief]
  8605 | D:1      | Gained mutation: You are weak. (Str -2) [Xom's mischief]
 10223 | D:1      | XOM is BORED!
 10223 | D:1      | XOM: give mutations
 10223 | D:1      | Gained mutation: Your body often deteriorates upon taking
                  | damage. [Xom's mischief]
 10223 | D:1      | Gained mutation: Your flesh is almost immune to the effects
                  | of heat. (rF+++) [Xom's mischief]
 10499 | D:1      | XOM: give mutations
 10499 | D:1      | Gained mutation: You are agile. (Dex +4, Str/Int -1) [Xom's
                  | mischief]
 10499 | D:1      | Lost mutation: You are weak. (Str -2) [Xom's mischief]
 10499 | D:1      | Lost mutation: You are agile. (Dex +4, Str/Int -1) [Xom's
                  | mischief]
 10499 | D:1      | Gained mutation: You are agile. (Dex +4, Str/Int -1) [Xom's
                  | mischief]
 10986 | D:1      | Glimpsed the power of Zot.
 10989 | D:2      | Quit the game

Illustrated notes

Levels and vault maps discovered:
D:1:      beargit_arrival_greenhouse, layout_loops_cross,
          ebering_ecumenical_altar_sacrificial
D:2:      layout_rooms, basic_altar, wad_floor_pattern_1,
          uniq_crazy_yiuf_cottage

Skill      XL: |  1  2  3 |
---------------+----------+-----
Spellcasting   | 1 |  1.3
Conjurations   | 1 |  1.3
Hexes          | 1 |  1.3
Summonings     | 1 |  1.3
Necromancy     | 1 |  1.3
Translocations | 1 |  1.3
Fire Magic     | 1 |  1.3
Ice Magic      | 1 |  1.3
Air Magic      | 1 |  1.3
Earth Magic    | 1 |  1.3
Alchemy        | 1 |  1.3
Long Blades    | 3 |  3.0
Fighting       | |  3.3
Armour         | |  1.6
Dodging        | |  2.6

Action                     |  1- 3 |  4- 6 || total
---------------------------+-------+-------++-------
  Melee: Falchion          |    69 |     9 ||    78
         Headbutt          |       |     1 ||     1
 Armour: Leather armour    |    58 |     7 ||    65
  Dodge: Dodged            |    44 |     4 ||    48

Table legend: (Time is in decaauts)
 A = Elapsed time spent in this place.
 B = Non-inter-level travel time spent in this place.
 C = Inter-level travel time spent in this place.
 D = Time resting spent in this place.
 E = Time spent auto-exploring this place.
 F = Levels seen in this place.
 G = Mean time per level.
                   A        B        C        D        E       F      G
               +--------+--------+--------+--------+--------+-----+--------+
         Total |  11002 |  10983 |     19 |  10196 |    596 |   2 | 5501.0 |
       Dungeon |  11002 |  10983 |     19 |  10196 |    596 |   2 | 5501.0 |
               +--------+--------+--------+--------+--------+-----+--------+

Top non-repeatable levels by time:
     D:1: 10889 daAuts
     D:2: 113 daAuts
